 Dungeon Crawl Stone Soup version 0.23.2-1-ga50397a (webtiles) character file.

Game seed: 17261424467034453390

476 IBeShadow the Charmwright (level 7, -9/56 HPs)
             Began as a Gnoll Skald on May 28, 2019.
             Mangled by an ogre
             ... wielding a +0 giant club
              (25 damage)
             ... on level 5 of the Dungeon.
             The game lasted 00:04:21 (2948 turns).

IBeShadow the Charmwright (Gnoll Skald)             Turns: 2948, Time: 00:04:22

Health: -9/56      AC:  8    Str: 16    XL:     7   Next: 10%
Magic:  19/19      EV: 12    Int: 15    God:
Gold:   152        SH:  0    Dex: 14    Spells: 9/17 levels left

rFire    . . .     SeeInvis .   a - +0 spear
rCold    . . .     Gourm    .   (no shield)
rNeg     . . .     Faith    .   c - +0 scale mail
rPois    .         Spirit   .   r - +0 Maxwell's etheric cage {RegenMP+ *Contam rElec MP+4}
rElec    +         Reflect  .   (no cloak)
rCorr    .         Harm     .   (no gloves)
MR       .....                  (no boots)
Stlth    +.........             (no amulet)
HPRegen  0.18/turn              (no ring) MPRegen 0.66/turn*
                                (no ring)

@: no status effects
A: distributed training, fangs 1, strong nose
a: no special abilities


You were on level 5 of the Dungeon.
You were hungry.

You visited 1 branch of the dungeon, and saw 4 of its levels.

You collected 152 gold pieces.

Inventory:

Hand Weapons
 a - a +0 spear (weapon)
 v - a +0 shortbow
Missiles
 w - 27 arrows
Armour
 b - a +0 leather armour
 c - a +0 scale mail (worn)
 r - the +0 Maxwell's etheric cage (worn) {RegenMP+ *Contam rElec MP+4}
   (You found it on level 4 of the Dungeon)

   It insulates you from electricity.
   It affects your magic capacity (+4).
   It causes magical contamination when unequipped.
 t - a +1 helmet
Jewellery
 m - an uncursed amulet of faith {unknown}
Scrolls
 e - 3 scrolls of identify {unknown}
 f - a scroll of random uselessness {unknown}
 g - a scroll of amnesia {unknown}
 j - a scroll of remove curse {unknown}
 n - a scroll of fog {unknown}
 o - a scroll of blinking {unknown}
 q - 3 scrolls of magic mapping {unknown}
 s - a scroll of teleportation {unknown}
Potions
 h - a potion of degeneration {unknown}
 i - a potion of haste {unknown}
 k - a potion of curing {unknown}
 l - a potion of resistance {unknown}
 p - a potion of brilliance {unknown}
 u - a potion of flight {unknown}
Comestibles
 d - 7 rations


   Skills:
 + Level 5.1 Fighting
 + Level 2.2 Short Blades
 + Level 2.2 Long Blades
 + Level 2.2 Axes
 + Level 2.2 Maces & Flails
 + Level 5.1 Polearms
 + Level 2.2 Staves
 + Level 2.2 Slings
 + Level 2.2 Bows
 + Level 2.2 Crossbows
 + Level 2.2 Throwing
 + Level 3.4 Armour
 + Level 5.1 Dodging
 + Level 2.2 Stealth
 + Level 2.2 Shields
 + Level 2.2 Unarmed Combat
 + Level 5.5 Spellcasting
 + Level 1.8 Conjurations
 + Level 1.8 Hexes
 + Level 5.7 Charms
 + Level 1.8 Summonings
 + Level 1.8 Necromancy
 + Level 1.8 Translocations
 + Level 1.8 Transmutations
 + Level 1.8 Fire Magic
 + Level 1.8 Ice Magic
 + Level 1.8 Air Magic
 + Level 1.8 Earth Magic
 + Level 1.8 Poison Magic
 + Level 2.5 Invocations
 + Level 2.2 Evocations


You had 9 spell levels left.
You knew the following spells:

 Your Spells              Type           Power        Failure   Level  Hunger
a - Infusion              Chrm           ###.         4%          1    None
b - Song of Slaying       Chrm           ###.....     8%          2    #......
c - Shroud of Golubria    Chrm/Tloc      ###.......   17%         2    #......
d - Regeneration          Chrm/Necr      ###.......   32%         3    ###....

Your spell library contained the following spells:

 Spells                   Type           Power        Failure   Level  Hunger
 Spectral Weapon          Hex/Chrm       ###.....     32%         3    ###....


Dungeon Overview and Level Annotations

Branches:
Dungeon (5/15)
 Temple: D:4-7

Altars:
Gozag
Kikubaaqudgha
Qazlal
Ru
Uskayaw
Vehumet
Wu Jian


Innate Abilities, Weirdness & Mutations

Your experience applies equally to all skills.
You have very sharp teeth.
Your uncanny sense of smell can sniff out nearby items.


Message History

The ogre hits you with a +0 giant club!
* * * LOW HITPOINT WARNING * * *
You are too injured to fight recklessly!
You are too injured to fight recklessly!
You are too injured to fight recklessly!
Unknown command.
You hit the ogre. You punch the ogre.
The ogre is heavily wounded.
You barely miss the ogre.
The ogre is heavily wounded.
The ogre closely misses you.
You puncture the ogre!
The ogre is almost dead.
The ogre barely misses you.
You hit the ogre but do no damage.
The ogre is almost dead.
You closely miss the ogre.
The ogre is almost dead.
The ogre hits you with a +0 giant club!!
You die...

..... #.. #. ....... ...
##..........##### .##..#.. #..
...............# .......
##..................### ......##
.....#. ..............# .......#
....... ............### .......
........##.......##..#
#.....##.......O@....#...#...##
...#..#...#.....##............##
...#......#.....#...###........#
...#................###...##..###
...##...###...................###
...##..#.##...................#..
##...............................
.#.....<..............#....<..#..
.............##..................


You could see an ogre.

Vanquished Creatures
  An ogre (D:4)
  A centaur (D:5)
  A crocodile (D:4)
  A scorpion (D:4)
  A howler monkey (D:4)
  A centaur skeleton (D:4)
  Robin (D:4)
  7 adders
  A worm (D:2)
  A dart slug (D:1)
  A leopard gecko (D:4)
  An orc (D:4)
  6 bats
  A giant cockroach (D:2)
  11 hobgoblins
  2 quokkas
  6 frilled lizards
  11 goblins
  3 kobolds (D:1)
  8 rats
66 creatures vanquished.

Notes
Turn   | Place    | Note
-------+----------+-------------------------------------------
     0 | D:1      | IBeShadow the Gnoll Skald began the quest for the Orb.
     0 | D:1      | Reached XP level 1. HP: 20/20 MP: 6/6
   127 | D:1      | Reached XP level 2. HP: 26/26 MP: 7/7
   777 | D:1      | Reached XP level 3. HP: 30/31 MP: 9/9
   905 | D:2      | Reached skill level 5 in Spellcasting
  1053 | D:2      | Reached skill level 1 in Invocations
  1087 | D:2      | Reached skill level 1 in Short Blades
  1087 | D:2      | Reached skill level 1 in Long Blades
  1087 | D:2      | Reached skill level 1 in Axes
  1087 | D:2      | Reached skill level 1 in Maces & Flails
  1087 | D:2      | Reached skill level 1 in Staves
  1087 | D:2      | Reached skill level 1 in Slings
  1087 | D:2      | Reached skill level 1 in Bows
  1087 | D:2      | Reached skill level 1 in Crossbows
  1087 | D:2      | Reached skill level 1 in Throwing
  1087 | D:2      | Reached skill level 1 in Stealth
  1087 | D:2      | Reached skill level 1 in Shields
  1087 | D:2      | Reached skill level 1 in Unarmed Combat
  1087 | D:2      | Reached skill level 1 in Evocations
  1367 | D:2      | Reached XP level 4. HP: 37/38 MP: 11/11
  1854 | D:2      | You fall through a shaft for 2 floors!
  1855 | D:4      | Noticed a crocodile
  1876 | D:4      | Killed a crocodile
  1876 | D:4      | Reached skill level 1 in Conjurations
  1876 | D:4      | Reached skill level 1 in Hexes
  1876 | D:4      | Reached skill level 1 in Summonings
  1876 | D:4      | Reached skill level 1 in Necromancy
  1876 | D:4      | Reached skill level 1 in Translocations
  1876 | D:4      | Reached skill level 1 in Transmutations
  1876 | D:4      | Reached skill level 1 in Fire Magic
  1876 | D:4      | Reached skill level 1 in Ice Magic
  1876 | D:4      | Reached skill level 1 in Air Magic
  1876 | D:4      | Reached skill level 1 in Earth Magic
  1876 | D:4      | Reached skill level 1 in Poison Magic
  1876 | D:4      | Reached XP level 5. HP: 14/43 MP: 12/12
  2085 | D:4      | Learned a level 2 spell: Song of Slaying
  2088 | D:4      | Learned a level 2 spell: Shroud of Golubria
  2092 | D:4      | Learned a level 3 spell: Regeneration
  2098 | D:4      | Noticed an ogre
  2106 | D:4      | Killed an ogre
  2106 | D:4      | Reached XP level 6. HP: 37/50 MP: 7/13
  2233 | D:4      | Found the +0 Maxwell's etheric cage {RegenMP+ *Contam rElec
                  | MP+4}
  2291 | D:4      | Found a stormy altar of Qazlal.
  2291 | D:4      | Found an ornate altar of the Wu Jian Council.
  2294 | D:4      | Found a sacrificial altar of Ru.
  2299 | D:4      | Found an ancient bone altar of Kikubaaqudgha.
  2301 | D:4      | Found a radiant altar of Vehumet.
  2303 | D:4      | Found a hide-covered altar of Uskayaw.
  2390 | D:4      | Noticed Robin
  2416 | D:4      | Killed Robin
  2416 | D:4      | Reached skill level 5 in Fighting
  2416 | D:4      | Reached skill level 5 in Polearms
  2416 | D:4      | Reached skill level 5 in Dodging
  2476 | D:4      | Found an opulent altar of Gozag.
  2664 | D:5      | Entered Level 5 of the Dungeon
  2763 | D:5      | Reached XP level 7. HP: 29/56 MP: 15/15
  2948 | D:5      | Mangled by an ogre

Skill      XL: |  1  2  3  4  5  6 |
---------------+-------------------+-----
Spellcasting   | 5 |  5.5
Invocations    | 1 2 |  2.5
Short Blades   | 1 2 |  2.2
Long Blades    | 1 2 |  2.2
Axes           | 1 2 |  2.2
Maces & Flails | 1 2 |  2.2
Staves         | 1 2 |  2.2
Slings         | 1 2 |  2.2
Bows           | 1 2 |  2.2
Crossbows      | 1 2 |  2.2
Throwing       | 1 2 |  2.2
Stealth        | 1 2 |  2.2
Shields        | 1 2 |  2.2
Unarmed Combat | 1 2 |  2.2
Evocations     | 1 2 |  2.2
Armour         | 3 |  3.4
Conjurations   | 1 |  1.8
Hexes          | 1 |  1.8
Summonings     | 1 |  1.8
Necromancy     | 1 |  1.8
Translocations | 1 |  1.8
Transmutations | 1 |  1.8
Fire Magic     | 1 |  1.8
Ice Magic      | 1 |  1.8
Air Magic      | 1 |  1.8
Earth Magic    | 1 |  1.8
Poison Magic   | 1 |  1.8
Fighting       | 5 |  5.1
Polearms       | 5 |  5.1
Dodging        | 5 |  5.1
Charms         | |  5.7

Action                   |  1- 3 |  4- 6 |  7- 9 || total
-------------------------+-------+-------+-------++-------
Melee: Spear             |   156 |   170 |    13 ||   339
       Bite              |     7 |    14 |       ||    21
       Punch             |       |     3 |     2 ||     5
 Cast: Infusion          |       |     3 |       ||     3
       Song of Slaying   |       |     1 |       ||     1
  Eat: Chunk             |     1 |     5 |       ||     6
Armor: Scale mail        |    58 |    55 |       ||   113
Dodge: Dodged            |    64 |   100 |     4 ||   168
